 Dungeon Crawl Stone Soup version 0.29-a0-541-gaf1fc19f1b (webtiles) character file.

Game seed: 908180050599985829

6731 oldriver the Fighter (level 10, -13/135 (141) HPs)
             Began as a Palentonga Wanderer on June 3, 2022.
             Was an Elder of Okawaru.
             Mangled by a cane toad (14 damage)
             ... on level 1 of the Lair of Beasts.
             The game lasted 00:12:08 (11484 turns).

oldriver the Fighter (Palentonga Wanderer)         Turns: 11484, Time: 00:12:08

HP:   -13/135 (141) AC: 21    Str: 19    XL:     10   Next: 75%
MP:   12/12         EV: 11    Int: 11    God:    Okawaru [****..]
Gold: 662           SH:  0    Dex: 12    Spells: 10/11 levels left

rFire   . . .      SeeInvis +   a - +5 mace (venom)
rCold   + . .      Faith    .   (no shield)
rNeg    . . .      Spirit   .   i - +2 robe of Gravity {rPois rC+ Will+}
rPois   +          Reflect  .   h - +2 hat
rElec   .          Harm     .   y - +2 cloak {Stlth+}
rCorr   .          Rampage  .   l - +2 pair of gloves
Will    ++...                   (no barding)
Stlth   ..........              (no amulet)
HPRegen 0.32/turn               v - ring of willpower
MPRegen 0.13/turn               (no ring)

@: berserking, lightly drained, curled up, very quick
A: large, rugged brown scales 3, see invisible, deformed body, roll 1, armoured
tail, reflexive curl
a: Rolling Charge, Renounce Religion, Heroism, Finesse


You were on level 1 of the Lair of Beasts.
You worshipped Okawaru.
Okawaru was greatly pleased with you.
You visited 3 branches of the dungeon, and saw 12 of its levels.
You also visited: Sewer.

You collected 823 gold pieces.
You spent 161 gold pieces at shops.

Inventory:

Hand Weapons
 a - a +5 mace of venom (weapon)
Missiles
 s - 2 throwing nets
Armour
 h - a +2 hat (worn)
 i - the +2 robe of Gravity (worn) {rPois rC+ Will+}
   (You found it on level 5 of the Dungeon)

   rC:        It protects you from cold.
   rPois:     It protects you from poison.
   Will:      It increases your willpower.
 l - a +2 pair of gloves (worn)
 y - a +2 cloak of stealth (worn)
Jewellery
 v - a ring of willpower (left hand)
Scrolls
 g - 2 scrolls of blinking
 j - 3 scrolls of immolation
 r - 5 scrolls of teleportation
 u - 3 scrolls of magic mapping
Potions
 c - 4 potions of curing
 f - a potion of berserk rage
 k - 3 potions of attraction
 m - 2 potions of invisibility
 n - 2 potions of brilliance
 o - 2 potions of mutation
 p - 2 potions of ambrosia {unknown}
 q - 3 potions of might
 t - a potion of haste {unknown}


   Skills:
 + Level 11.3 Fighting
 + Level 10.7 Maces & Flails
 - Level 5.0 Dodging
 - Level 1.0 Stealth
 - Level 1.0 Spellcasting
 - Level 1.0 Necromancy
 - Level 3.0 Invocations
 - Level 2.6 Evocations


You had 10 spell levels left.
You knew the following spells:

 Your Spells              Type           Power      Damage    Failure   Level
a - Necrotize             Necr           8%         1d4       22%         1

Your spell library contained the following spells:

 Spells                   Type           Power      Damage    Failure   Level
 Slow                     Hex            0%         N/A       32%         1
 Blink                    Tloc           0%         N/A       43%         2
 Scorch                   Fire           0%         2d5       43%         2
 Vampiric Draining        Necr           2%         2d6       54%         3
 Confusing Touch          Hex            0%         N/A       67%         3
 Flame Wave               Conj/Fire      0%         2d4       97%         4
 Passage of Golubria      Tloc           0%         N/A       97%         4
 Manifold Assault         Tloc           0%         N/A       100%        5
 Yara's Violent Unravell  Hex/Tmut       0%         3d3       100%        5
 Ozocubu's Refrigeration  Ice            0%         4d5       100%        7
 Tukima's Dance           Hex            Unusable   N/A       N/A         3
 Summon Cactus Giant      Summ           Unusable   N/A       N/A         6

Dungeon Overview and Level Annotations

Branches:
Dungeon (10/15)            Temple (1/1) D:6            Lair (1/6) D:10
  Sewer (visited)
    Orc: D:9-12

Altars:
Ashenzari
Cheibriados
Dithmenos
Elyvilon
Fedhas
Gozag
Hepliaklqana
Kikubaaqudgha
Makhleb
Nemelex Xobeh
Okawaru
Qazlal
Ru
Sif Muna
Trog
Uskayaw
Vehumet
Wu Jian
Xom
Yredelemnul
Zin
The Shining One

Shops:
D:7 *(

Annotations:
D:2 1 runed translucent door, Crazy Yiuf
D:5 2 runed translucent doors, avis's ghost, novice OgTm
D:10 1 runed translucent door, frimble's ghost, novice GnWr


Innate Abilities, Weirdness & Mutations

You are completely covered in rugged brown scales. (AC +3, +7% HP)
You have supernaturally acute eyesight. (SInv)
Armour fits poorly on your strangely shaped body.
You can roll at nearby foes to attack.
You have a long armoured tail.
You curl defensively after being hit. (AC +7*)


Message History

You are too injured to fight recklessly!
You are too injured to fight recklessly!
You are too injured to fight recklessly!
You are too injured to fight recklessly!
You hit the cane toad.
The cane toad is moderately wounded.
The cane toad completely misses you.
You hit the cane toad.
The cane toad is heavily wounded.
A cane toad comes into view.
The cane toad stings you!
The cane toad gives a loud, deep croak!
You thump the cane toad!
The cane toad is severely wounded.
The cane toad stings you.
* * * LOW HITPOINT WARNING * * *
You hit the cane toad.
The cane toad is severely wounded.
The cane toad stings you but does no damage.
You hit the cane toad.
The cane toad is poisoned.
Your tail-slap misses the cane toad.
The cane toad is almost dead.
The cane toad stings you!
* * * LOW HITPOINT WARNING * * *
You barely miss the cane toad.
The cane toad is almost dead.
The cane toad stings you!
* * * LOW HITPOINT WARNING * * *
Unknown command.
You feel better. The cane toad misses you.
A red film seems to cover your vision as you go berserk!
You feel yourself moving faster!
You feel mighty! The cane toad stings you!
* * * LOW HITPOINT WARNING * * *
The cane toad closely misses you.
Unknown command.
You bludgeon the cane toad!!
You kill the cane toad!
Okawaru is honoured by your kill.
You barely miss the cane toad. The cane toad stings you!
You die...

..........####........#
..........###P.#.≈≈≈≈.#.
....##.........#.≈##≈...
.....#....##.....≈##≈...
....##....#......≈≈#≈...
##.##.....##...#.≈≈≈≈.#.
.###....###.##......#
#.........##....##.
.........##..†@.......
.##P....###..##F......
##....##...# ....#..
#.....##...# #...#
##....##..F# ...#
##..###..†## ...# #.#
#.....# ..#
................
................


You could see a cane toad.

Vanquished Creatures
  2 two-headed ogres
  A gargoyle (D:10)
  A cane toad (Lair:1)
  2 hornets (D:9)
  2 wyverns
  A wraith (D:9)
  3 yaks (D:8)
  An acid dragon (D:9)
  2 water moccasins
  4 orc warriors
  Pargi (Sewer)
  2 sky beasts (D:8)
  An ogre (D:5)
  5 wolves (Lair:1)
  4 centaurs
  4 kobold brigands
  3 phantoms (D:7)
  4 bullfrogs
  A necrophage (D:5)
  2 scorpions (D:5)
  3 wights (D:8)
  4 killer bees (D:7)
  A howler monkey (D:6)
  2 hounds
  4 orc priests
  A gnoll shaman (D:5)
  Jessica (D:3)
  4 hell rats (Lair:1)
  2 orc wizards
  8 gnolls
  4 adders (D:2)
  2 shadow imps
  An ufetubus (D:5)
  2 worms
  4 dart slugs
  24 orcs
  An endoplasm (D:2)
  5 giant cockroaches
  7 goblins
  8 hobgoblins
  4 jackals (D:4)
  31 kobolds
  3 quokkas
  7 ball pythons
  13 bats
  2 frilled lizards
  A rat (D:2)
  A bush (D:7)
196 creatures vanquished.

Vanquished Creatures (others)
  2 fungi
  11 plants
13 creatures vanquished.

Grand Total: 209 creatures vanquished

Notes
Turn   | Place    | Note
-------+----------+-------------------------------------------
     0 | D:1      | oldriver the Palentonga Wanderer began the quest for the
                  | Orb.
     0 | D:1      | oldriver set off with the following items: a +2 mace, a
                  | wand of flame (4), a potion of curing, a +0 leather armour;
                  | and the following spell memorised: Necrotize; and the
                  | following spells available to memorise: Vampiric Draining
     0 | D:1      | Reached XP level 1. HP: 13/13 MP: 2/2
    92 | D:1      | Reached skill level 1 in Fighting
   196 | D:1      | Reached XP level 2. HP: 22/22 MP: 3/3
   818 | D:2      | Reached skill level 2 in Fighting
   818 | D:2      | Reached XP level 3. HP: 28/28 MP: 4/4
  1312 | D:2      | Reached skill level 3 in Fighting
  1312 | D:2      | Reached XP level 4. HP: 18/37 MP: 5/5
  1944 | D:2      | Found a runed translucent door.
  1945 | D:2      | Noticed Crazy Yiuf
  2022 | D:3      | Found a faded altar of an unknown god.
  2109 | D:3      | Found a burning altar of Makhleb.
  2179 | D:3      | Noticed Jessica
  2183 | D:3      | Killed Jessica
  2640 | D:3      | Reached XP level 5. HP: 38/44 MP: 6/6
  2894 | D:4      | Reached skill level 4 in Fighting
  3373 | D:4      | Reached skill level 5 in Maces & Flails
  3683 | D:5      | Entered Level 5 of the Dungeon
  3696 | D:5      | Noticed an ogre
  3709 | D:5      | Killed an ogre
  3710 | D:5      | Reached skill level 5 in Fighting
  3710 | D:5      | Reached XP level 6. HP: 37/54 MP: 7/7
  3731 | D:5      | Found a glowing drain.
  3767 | Sewer    | Entered a sewer
  3902 | Sewer    | Noticed Pargi
  3921 | Sewer    | Killed Pargi
  3971 | D:5      | Found a runed translucent door.
  4035 | D:5      | Reached skill level 6 in Fighting
  4035 | D:5      | Gained mutation: You curl defensively after being hit. (AC
                  | +7*) [Palentonga growth]
  4035 | D:5      | Reached XP level 7. HP: 34/62 MP: 8/8
  4338 | D:5      | Found a runed translucent door.
  4427 | D:5      | Identified the +2 robe of Gravity {rPois rC+ Will+}
  4516 | D:5      | Found a white marble altar of Elyvilon.
  4536 | D:5      | Reached skill level 1 in Dodging
  4905 | D:5      | Noticed avis's ghost (novice OgTm)
  5143 | D:6      | Reached skill level 7 in Fighting
  5776 | D:6      | Found a staircase to the Ecumenical Temple.
  5875 | Temple   | Entered the Ecumenical Temple
  6240 | D:7      | Reached XP level 8. HP: 71/71 MP: 9/9
  6691 | D:7      | Found Yprawutz's Antique Weapon Emporium.
  6691 | D:7      | Found Xilulie's General Store.
  6704 | D:7      | Bought a +0 cloak of stealth for 161 gold pieces
  6999 | D:7      | Reached skill level 8 in Fighting
  7347 | D:7      | Found an iron altar of Okawaru.
  7356 | D:7      | Found a stormy altar of Qazlal.
  7358 | D:7      | Found an ancient bone altar of Kikubaaqudgha.
  7397 | D:7      | Became a worshipper of Warmaster Okawaru
  7455 | D:8      | Noticed a two-headed ogre
  7775 | D:8      | Reached XP level 9. HP: 80/80 MP: 10/10
  7799 | D:8      | Killed a two-headed ogre
  7799 | D:8      | Reached * piety under Okawaru
  7800 | D:8      | Reached skill level 9 in Fighting
  8276 | D:8      | Reached ** piety under Okawaru
  8290 | D:8      | Reached skill level 5 in Dodging
  8965 | D:9      | Reached *** piety under Okawaru
  8969 | D:9      | Reached skill level 10 in Fighting
  9167 | D:9      | Reached XP level 10. HP: 90/90 MP: 11/11
  9436 | D:9      | Noticed a two-headed ogre
  9443 | D:9      | Killed a two-headed ogre
  9444 | D:9      | Reached skill level 10 in Maces & Flails
  9967 | D:10     | Entered Level 10 of the Dungeon
 10093 | D:10     | Found a staircase to the Lair.
 10113 | D:10     | Found a runed translucent door.
 10113 | D:10     | Found a shimmering altar of Xom.
 10113 | D:10     | Noticed frimble's ghost (novice GnWr)
 10113 | D:10     | Noticed a +3 rapier of chaos
 10230 | D:10     | Noticed a gargoyle
 10234 | D:10     | Reached skill level 1 in Invocations
 10261 | D:10     | HP: 3/92 [gargoyle/+0 flail (15)]
 10648 | D:10     | Killed a gargoyle
 10858 | D:10     | Got the Handbook of the Spatial Snowflakes
 10962 | Lair:1   | Entered Level 1 of the Lair of Beasts
 11055 | Lair:1   | Reached **** piety under Okawaru
 11056 | Lair:1   | Reached skill level 11 in Fighting
 11444 | Lair:1   | Noticed a cane toad
 11476 | Lair:1   | Noticed a cane toad
 11480 | Lair:1   | HP: 2/84 [cane toad (13)]
 11483 | Lair:1   | Killed a cane toad
 11484 | Lair:1   | Mangled by a cane toad

Illustrated notes

Levels and vault maps discovered:
D:1:      amcnicky_arrival_choice, layout_basic
D:2:      layout_basic, minmay_shallow_snake_nest, uniq_crazy_yiuf_cottage
D:3:      layout_basic, mainiacjoe_overflow_tiny_flanked,
          nicolae_ecumenical_pavilion, st_stairs_3, uniq_jessica
D:4:      layout_basic
D:5:      layout_rooms, nicolae_overflow_crystal_walls, ebering_ghost_sewer_f,
          cheibrodos_sewer_entry_sluice, chequers_serial_rivers_micro_b
D:6:      layout_loops_ring, minmay_temple_entry_enclosed_plants
D:7:      layout_gridville, gammafunk_temple_overflow_forgotten,
          nicolae_wooded_promenade
D:8:      layout_cave_pools, serial_glass, glass_columns_a, glass_columns_a,
          glass_columns_b, glass_columns_a, chequers_serial_rivers_marsh,
          hangedman_abyss_or_decor_stabs
D:9:      layout_stronghold
D:10:     layout_cave_pools, lair_entry_dummy, ebering_ghost_xom, serial_rivers,
          chequers_serial_rivers_micro_d, chequers_serial_rivers_micro_b,
          chequers_serial_rivers_micro_e, chequers_serial_rivers_room_b,
          nrook_loot_triangle, statue_in_the_mist_lemuel
Temple:   minmay_crystal_spiral_temple
Lair:1:   layout_gridlike

Skill      XL: |  1  2  3  4  5  6  7  8  9 10 |
---------------+-------------------------------+-----
Fighting       | 1 2 3 5 6 7 8 10 11 | 11.3
Maces & Flails | 5 6 7 9 10 | 10.7
Dodging        | 1 3 5 |  5.0
Invocations    | 3 |  3.0
Stealth        | |  1.0
Spellcasting   | |  1.0
Necromancy     | |  1.0
Evocations     | |  2.6

Action                   |  1- 3 |  4- 6 |  7- 9 | 10-12 || total
-------------------------+-------+-------+-------+-------++-------
Melee: Mace              |    99 |   151 |   264 |   154 ||   668
       Tailslap          |     8 |    13 |    46 |    29 ||    96
       Punch             |     1 |     1 |     3 |       ||     5
Invok: Heroism           |       |       |       |     1 ||     1
 Abil: Rolling Charge    |    16 |    26 |    36 |    13 ||    91
Evoke: Wand              |       |       |     4 |       ||     4
  Use: Scroll            |       |    15 |     6 |     4 ||    25
       Potion            |       |     2 |       |     4 ||     6
Armor: Leather armour    |    51 |    93 |     7 |       ||   151
       Robe              |       |       |   112 |    66 ||   178
Dodge: Dodged            |    60 |    92 |   125 |   109 ||   386

Table legend: (Time is in decaauts)
 A = Elapsed time spent in this place.
 B = Non-inter-level travel time spent in this place.
 C = Inter-level travel time spent in this place.
 D = Time resting spent in this place.
 E = Time spent auto-exploring this place.
 F = Levels seen in this place.
 G = Mean time per level.
                   A        B        C        D        E       F      G
               +--------+--------+--------+--------+--------+-----+--------+
         Total |  11538 |  11046 |    492 |   2853 |   6562 |  13 |  887.5 |
       Dungeon |  10645 |  10238 |    407 |   2554 |   6225 |  10 | 1064.5 |
        Temple |    210 |    126 |     84 |      0 |    111 |   1 |  210.0 |
          Lair |    478 |    478 |      0 |    191 |    187 |   1 |  478.0 |
         Sewer |    203 |    203 |      0 |    108 |     38 |   1 |  203.0 |
               +--------+--------+--------+--------+--------+-----+--------+

Top non-repeatable levels by time:
     D:9: 1858 daAuts
     D:7: 1392 daAuts
     D:2: 1329 daAuts
     D:6: 1309 daAuts
     D:4: 1142 daAuts
     D:3: 823 daAuts
     D:5: 770 daAuts
     D:1: 705 daAuts
    D:10: 671 daAuts
     D:8: 644 daAuts
  Lair:1: 478 daAuts
  Temple: 210 daAuts
   Sewer: 203 daAuts
